 Dungeon Crawl Stone Soup version 0.19.5 (webtiles) character file.

4 tidbits the Slasher (level 1, 0/13 HPs)
             Began as a High Elf Wanderer on Oct 30, 2017.
             Slain by a jackal (3 damage)
             ... on level 1 of the Dungeon.
             The game lasted 00:01:20 (180 turns).

tidbits the Slasher (High Elf Wanderer)              Turns: 180, Time: 00:01:20

Health: 0/13       AC:  2    Str: 12    XL:     1   Next: 58%
Magic:  2/2        EV: 12    Int: 13    God:
Gold:   45         SH:  0    Dex: 15    Spells: 0 memorised, 0 levels left

rFire  . . .     SeeInvis .     a - +0 falchion
rCold  . . .     Gourm    .     B - +0 robe
rNeg   . . .     Faith    .     (no shield)
rPois  .         Spirit   .     (no helmet)
rElec  .         Reflect  .     (no cloak)
rCorr  .         Harm     .     (no gloves)
MR     .....                    (no boots)
Stlth  ++........               (no amulet)
                                (no ring)
                                (no ring)

@: no status effects
A: no striking features
a: no special abilities


You were on level 1 of the Dungeon.
You were not hungry.

You visited 1 branch of the dungeon, and saw 2 of its levels.

You collected 45 gold pieces.

Inventory:

Hand Weapons
 a - a +0 falchion (weapon)
Missiles
 g - 22 bolts
Armour
 B - a +0 robe (worn)
Scrolls
 e - a scroll of enchant weapon {unknown}
 f - a scroll of teleportation
Potions
 d - 3 potions of curing {unknown}
Books
 b - a book of Minor Magic

   Spells                             Type                      Level
   a - Magic Dart                     Conjuration                  1
   b - Blink                          Translocation                2
   c - Call Imp                       Summoning                    2
   d - Repel Missiles                 Charms/Air                   2
   e - Slow                           Hexes                        2
   f - Conjure Flame                  Conjuration/Fire             3
   g - Mephitic Cloud                 Conjuration/Poison/Air       3
Comestibles
 c - a bread ration


   Skills:
 - Level 1.0 Fighting
 + Level 4.8 Long Blades
 - Level 1.3 Dodging
 - Level 1.1 Stealth
   Level 2.6 Summonings
   Level 1.0 Evocations


You couldn't memorise any spells.
You didn't know any spells.

Dungeon Overview and Level Annotations

Branches:
Dungeon (2/15)

Altars:


Message History

There are no items here.
Autopickup is now off.
Found 17 gold pieces.
A giant cockroach comes into view.
Found 7 gold pieces.
You hit the giant cockroach but do no damage.
The giant cockroach bites you. x2
You hit the giant cockroach but do no damage.
The giant cockroach barely misses you.
You closely miss the giant cockroach. The giant cockroach barely misses you.
You closely miss the giant cockroach. The giant cockroach bites you.
You closely miss the giant cockroach.
The giant cockroach bites you but does no damage.
The giant cockroach bites you.
You barely miss the giant cockroach. The giant cockroach misses you.
You riposte.
You closely miss the giant cockroach.
You hit the giant cockroach but do no damage.
The giant cockroach bites you.
You barely miss the giant cockroach. The giant cockroach bites you.
* * * LOW HITPOINT WARNING * * *
The giant cockroach bites you.
* * * LOW HITPOINT WARNING * * *
You hit the giant cockroach but do no damage.
The giant cockroach barely misses you.
You slash the giant cockroach!
You kill the giant cockroach!
Found 2 blue potions.
You see here 17 gold pieces.
You now have 22 gold pieces (gained 17).
You see here 2 blue potions.
d - 3 blue potions (gained 2)
You see here 7 gold pieces.
You now have 29 gold pieces (gained 7).
Found a stone staircase leading down.
Found a scroll labeled FEELOE AXZUNWO.
Found a robe.
A goblin comes into view. It is wielding a dagger.
There is a stone staircase leading down here.
You climb downwards.
Found a scroll labeled OLOHUT KYINANA.
There is a stone staircase leading up here.
A dart slug comes into view.
The helpless dart slug fails to defend itself.
You hit the dart slug.
The dart slug is lightly wounded.
The dart slug closely misses you.
You hit the dart slug but do no damage.
The dart slug is lightly wounded.
The dart slug bites you.
* * * LOW HITPOINT WARNING * * *
You hit the dart slug.
The dart slug is severely wounded.
The dart slug barely misses you.
You slash the dart slug!
You kill the dart slug!
Your Dodging skill increases to level 1!
Found a stone staircase leading up.
You see here a scroll labeled OLOHUT KYINANA.
e - a scroll labeled OLOHUT KYINANA
Found a stone staircase leading down.
There is a stone staircase leading up here.
You climb upwards.
There is a stone staircase leading down here.
There is a stone staircase leading down here.
Found 22 bolts.
You see here 22 bolts.
g - 22 bolts The bat is too close now for your liking.
The bat hits you.
You slash the bat!
You kill the bat!
A jackal comes into view.
Found a stone staircase leading down.
The jackal barks!
A jackal comes into view.
You see here 16 gold pieces.
You now have 45 gold pieces (gained 16).
You hit the jackal.
The jackal is heavily wounded.
The jackal closely misses you. The jackal bites you.
You hit the jackal but do no damage.
The jackal is heavily wounded.
The jackal bites you.
* * * LOW HITPOINT WARNING * * *
You hit the jackal but do no damage.
The jackal is heavily wounded.
The jackal bites you.
* * * LOW HITPOINT WARNING * * *
The jackal bites you but does no damage.
You closely miss the jackal.
The jackal is heavily wounded.
The jackal barely misses you.
You riposte.
You barely miss the jackal.
The jackal is heavily wounded.
You hit the jackal.
The jackal is severely wounded.
The jackal completely misses you.
You closely miss the jackal.
The jackal is severely wounded.
The jackal bites you.
You die...

... ....
....###########################
.....$.........................
##.....#############.########
#.....##.## #.# #.....#..<#
##.####
.##.....#..#########.....#
#>...........h@...........#
####........########......#
#####........# #......###
#........####........#
#........##......†...#
###########.#........#
#.#.#.##...### #.#.#.#......#
#####.#.#.#......#


You could see a jackal.

Vanquished Creatures
  A dart slug (D:2)
  A giant cockroach (D:1)
  A bat (D:1)
3 creatures vanquished.

Notes
Turn   | Place    | Note
-------+----------+-------------------------------------------
     0 | D:1      | tidbits the High Elf Wanderer began the quest for the Orb.
     0 | D:1      | tidbits set off with: a book of Minor Magic, a +0 falchion, a scroll of teleportation, a +0 robe, a bread ration
     0 | D:1      | Reached XP level 1. HP: 13/13 MP: 2/2
    62 | D:2      | Reached skill level 1 in Dodging
   180 | D:1      | Slain by a jackal

Skill      XL: |  1 |
---------------+----+-----
Dodging        | 1 |  1.3
Fighting       | |  1.0
Long Blades    | |  4.8
Stealth        | |  1.1
Summonings     | |  2.6
Evocations     | |  1.0

Action                   || total
-------------------------++-------
Melee: Falchion          ||    21
 Stab: Sleeping          ||     1
Armor: Robe              ||     2
Dodge: Dodged            ||     9
       Rpst.: Falchion   ||     2

Table legend:
 A = Turns spent in this place as a percentage of turns spent in the entire game.
 B = Non-inter-level travel turns spent in this place as a percentage of non-inter-level travel turns spent in the entire game.
 C = Inter-level travel turns spent in this place as a percentage of turns spent in this place.
 D = Turns resting spent in this place as a percentage of non-inter-level travel turns spent in this place.
 E = Turns spent auto-exploring this place as a percentage of non-inter-level travel turns spent in this place.
 F = Non-inter-level travel turns spent in this place divided by the number of levels of this place that you've seen.
                   A       B       C       D       E      F
               +-------+-------+-------+-------+-------+----------------------
         Total | 100.0 | 100.0 |   0.8 |   0.0 |   0.0 |  59.5
       Dungeon | 100.0 | 100.0 |   0.8 |   0.0 |   0.0 |  59.5
               +-------+-------+-------+-------+-------+----------------------

Table legend:
 A = Kills in this place as a percentage of kills in entire the game.
 B = Kills by you in this place as a percentage of kills by you in the entire game.
 C = Kills by friends in this place as a percentage of kills by friends in the entire game.
 D = Other kills in this place as a percentage of other kills in the entire game.
 E = Experience gained in this place as a percentage of experience gained in the entire game.
 F = Experience gained in this place divided by the number of levels of this place that you have seen.
                   A       B       C       D       E      F
               +-------+-------+-------+-------+-------+----------------------
         Total | 100.0 | 100.0 |  -nan |  -nan | 100.0 |   3.5
       Dungeon | 100.0 | 100.0 |  -nan |  -nan | 100.0 |   3.5
               +-------+-------+-------+-------+-------+----------------------

Vault maps used:
D:1:      saegor_arrival_simple_a, minmay_heptomino_h4
D:2:      ecumenical_altar_1, first_bread, uniq_iyjb
